 Dungeon Crawl Stone Soup version 0.27-a0-965-gbf8bb431c4 (webtiles) character file.

Game seed: 15167883027346204554

66 polve the Cutter (level 3, 0/26 (29) HPs)
             Began as a Demonspawn Abyssal Knight on Apr 12, 2021.
             Was a Believer of Lugonu.
             Killed by Freeze
             ... generated by an endoplasm
              (3 damage)
             ... on level 2 of the Dungeon.
             The game lasted 00:02:58 (2875 turns).

polve the Cutter (Demonspawn Abyssal Knight)        Turns: 2875, Time: 00:02:58

HP:   0/26 (29)     AC:  8    Str: 13    XL:     3   Next: 96%
MP:   3/4           EV:  6    Int: 19    God:    Lugonu [**....]
Gold: 14            SH:  0    Dex: 12    Spells: 2/2 levels left

rFire    . . .     SeeInvis .   o - +0 dagger (vamp)
rCold    . . .     Faith    +   (no shield)
rNeg     . . .     Spirit   .   l - +0 chain mail
rPois    .         Reflect  .   (helmet restricted)
rElec    .         Harm     .   (no cloak)
rCorr    .         Rampage  .   (no gloves)
Will     .....                  (no boots)
Stlth    ..........             n - amulet of faith
HPRegen  0.08/turn              j - +6 ring of intelligence
MPRegen  0.09/turn              (no ring)

@: heavily drained
A: horns 1, powered by death 1
a: Renounce Religion, Depart the Abyss, Bend Space


You were on level 2 of the Dungeon.
You worshipped Lugonu.
Lugonu was pleased with you.
You visited 1 branch of the dungeon, and saw 2 of its levels.
You visited the Abyss 1 time.

You collected 14 gold pieces.

Inventory:

Hand Weapons
 o - a +0 vampiric dagger (weapon)
 p - a +0 short sword of draining
Armour
 l - a +0 chain mail (worn)
Jewellery
 j - a +6 ring of intelligence (left hand)
 n - an amulet of faith (around neck)
Wands
 k - a wand of iceblast (6)
Scrolls
 e - a scroll of enchant armour {unknown}
 h - a scroll of teleportation
 m - a scroll of holy word {unknown}
Potions
 d - a potion of haste {unknown}
 f - a potion of might
 i - 4 potions of heal wounds


   Skills:
 - Level 3.0 Fighting
 + Level 3.9 Short Blades
 - Level 1.7 Armour
 - Level 0.8 Dodging
 - Level 2.4 Invocations


You had 2 spell levels left.
You didn't know any spells.
Your spell library was empty.

Dungeon Overview and Level Annotations

Branches:
Dungeon (2/15)

Altars:


Innate Abilities, Weirdness & Mutations

You have a pair of small horns on your head.
You regenerate a little health from kills.


Message History

No target in view!
No target in view!
No target in view!
No target in view!
No target in view!
No target in view!
A jelly is nearby!
A jelly is nearby!
A jelly is nearby!
The jelly hits you but does no damage.
You hit the jelly.
Your hands burn!
The jelly is lightly wounded.
You are too injured to fight recklessly!
You are too injured to fight recklessly!
You are too injured to fight recklessly!
You are too injured to fight recklessly!
You are too injured to fight recklessly!
You are too injured to fight recklessly!
You are too injured to fight recklessly!
You hit the jelly.
Your hands burn!
You headbutt the jelly.
The jelly is lightly wounded.
The jelly completely misses you.
You hit the jelly. The acid corrodes you!
Your hands burn!
The jelly is moderately wounded.
The jelly barely misses you.
You hit the jelly.
Your hands burn!
The jelly is moderately wounded.
The jelly hits you but does no damage.
You hit the jelly. The acid corrodes you!
Your hands burn!
You headbutt the jelly.
The jelly is severely wounded.
The jelly hits you.
You are splashed with acid.
* * * LOW HITPOINT WARNING * * *
The endoplasm quivers.
The jelly jiggles.
You are no longer corroded.
Space bends around you!
You blink.
The jelly barely misses you.
You don't have enough health at the moment.
The endoplasm freezes you.
You are frozen.
You die...

#.J.......# #.##....#.
#.........## #.......#.
#..J.......# ####....##
####......≈### ####...<.....
#J....≈≈♣P# #..........##
#.....P≈♣P########..........##
#......≈≈.....................
#J.....P≈...J...............##
####.......#..J.@..............#.
...........#..........########.#.
.........###..........# ####.##
.........# ############ #......
.........# #.....# #####.####
#.....# #.# ####### #.# #.##
######


You could see a jelly and an endoplasm.

Vanquished Creatures
  A gnoll (D:1)
  9 endoplasms
  4 goblins
  6 hobgoblins
  6 jackals (D:2)
  A quokka (D:1)
  7 ball pythons
  5 bats
  5 frilled lizards
  8 kobolds
52 creatures vanquished.

Vanquished Creatures (others)
  A frilled lizard (D:1)
  10 fungi (D:2)
  11 plants (D:2)
  6 toadstools (D:2)
28 creatures vanquished.

Grand Total: 80 creatures vanquished

Notes
Turn   | Place    | Note
-------+----------+-------------------------------------------
     0 | Abyss:1  | polve the Demonspawn Abyssal Knight began the quest for the
                  | Orb.
     0 | Abyss:1  | Reached XP level 1. HP: 18/18 MP: 2/2
   157 | Abyss:1  | Noticed a hell hound
   194 | Abyss:1  | Noticed a raiju
   196 | D:1      | Escaped the Abyss
   403 | D:1      | Gained mutation: You have a pair of small horns on your
                  | head. [demonic ancestry]
   403 | D:1      | Reached XP level 2. HP: 8/24 MP: 3/3
   857 | D:1      | Reached * piety under Lugonu
  1140 | D:1      | Gained mutation: You regenerate a little health from kills.
                  | [demonic ancestry]
  1140 | D:1      | Reached XP level 3. HP: 29/29 MP: 4/4
  1842 | D:2      | Found a faded altar of an unknown god.
  2346 | D:2      | Reached ** piety under Lugonu
  2875 | D:2      | Killed from afar by an endoplasm

Illustrated notes

Levels and vault maps discovered:
D:1:      heliophobic_arrival_glass_houses, layout_rooms, grunt_decor_junction,
          supply_closet_lemuel
D:2:      cheibrodos_fertilizer, layout_basic,
          shapermc_ecumenical_altar_notcrosses, serial_bayou,
          serial_bayou_pond_c, serial_bayou_shore_b, serial_bayou_pond_d,
          serial_bayou_crossing

Skill      XL: |  1  2 |
---------------+-------+-----
Short Blades   | 2 3 |  3.9
Fighting       | |  3.0
Armour         | |  1.7
Dodging        | |  0.8
Invocations    | |  2.4

Action                   || total
-------------------------++-------
Melee: Short sword       ||   147
       Headbutt          ||    23
       Dagger            ||    22
Invok: Depart the Abyss  ||     1
       Bend Space        ||     1
  Use: Scroll            ||     4
 Stab: Sleeping          ||     1
Armor: Leather armour    ||     3
       Ring mail         ||    38
       Chain mail        ||    31
Dodge: Dodged            ||   104

Table legend: (Time is in decaauts)
 A = Elapsed time spent in this place.
 B = Non-inter-level travel time spent in this place.
 C = Inter-level travel time spent in this place.
 D = Time resting spent in this place.
 E = Time spent auto-exploring this place.
 F = Levels seen in this place.
 G = Mean time per level.
                   A        B        C        D        E       F      G
               +--------+--------+--------+--------+--------+-----+--------+
         Total |   2875 |   2811 |     64 |      0 |   2313 |   3 |  958.3 |
       Dungeon |   2679 |   2615 |     64 |      0 |   2122 |   2 | 1339.5 |
         Abyss |    196 |    196 |      0 |      0 |    191 |   1 |  196.0 |
               +--------+--------+--------+--------+--------+-----+--------+

Top non-repeatable levels by time:
     D:1: 1855 daAuts
     D:2: 824 daAuts
 Abyss:1: 196 daAuts
